[Event "Titled Tuesday Blitz February 21 Early 2023"]
[White "Gokerkan, Cem Kaan"]
[Black "Hasangatin, Ramil"]
[WhiteFideId "6336760"]
[BlackFideId "4122160"]
[WhiteElo "2500"]
[BlackElo "2457"]
[Result "1/2-1/2"]
[Round "08"]
[TimeControl "180+2"]
[Date "2023.02.21"]
[WhiteClock "0:00:19"]
[BlackClock "0:00:10"]

1. e4 d5 2. exd5 Qxd5 3. Nc3 Qd6 4. d4 Nf6 5. Nf3 c6 6. Ne5 Nbd7 7. Nc4 Qc7 8. a4 a5 9. Qf3 Nb6 10. Bf4 Qd8 11. Ne5 Be6 12. Rd1 Nbd5 13. Bg5 g6 14. Bc4 Bg7 15. O-O O-O 16. Rfe1 Re8 17. h3 Qb6 18. Bb3 Rad8 19. Nc4 Qc7 20. Ne2 b5 21. Ne5 Nd7 22. axb5 Nxe5 23. dxe5 Qxe5 24. Bh4 Qxb2 25. bxc6 Nc7 26. Rxd8 Rxd8 27. Bxe7 Re8 28. Bd6 Bxb3 29. Qxb3 Rc8 30. Qxb2 Bxb2 31. Rb1 Ne8 32. Rxb2 Nxd6 33. Nd4 a4 34. Ra2 Ra8 35. c7 Kf8 36. c4 Ke7 37. c5 Nc8 38. Nb5 Kd7 39. g4 Kc6 40. Nc3 a3 41. Nb1 Kxc7 42. Kg2 Kc6 43. Kf3 Kxc5 44. Rxa3 Rb8 45. Nd2 Nd6 46. Kf4 f6 47. Rd3 g5+ 48. Kg3 Rb4 49. h4 h6 50. hxg5 hxg5 51. Rf3 Ne8 52. Re3 Nc7 53. Re7 Kd6 54. Rf7 Nd5 55. f3 Ke6 56. Rf8 Nf4 57. Ne4 Rb2 58. Rxf6+ Ke7 59. Rxf4 gxf4+ 60. Kxf4 Kf7 61. Ng5+ Kg6 62. Ne4 Ra2 63. Kg3 Ra3 64. Nf2 Ra2 65. Nh3 Ra1 66. Nf4+ Kg5 67. Ne6+ Kg6 68. Nd4 Rd1 69. Nc2 Rg1+ 70. Kf2 Rb1 71. Ne3 Kg5 72. Ng2 Rb3 73. Kg3 Ra3 74. Nf4 Rb3 75. Ne6+ Kf6 76. Nc5 Ra3 77. Kf4 Kg6 78. Ne4 Ra4 79. Kg3 Ra3 80. Nd2 Ra2 81. Nc4 Rc2 82. Ne5+ Kf6 83. Nd3 Rd2 84. Nc5 Ra2 85. Kf4 Rc2 86. g5+ Kg6 87. Ne4 Rc4 88. Kg4 Ra4 89. Kf4 Rb4 90. Ke5 Rb5+ 91. Ke6 Rb4 92. Kd5 Rb5+ 93. Kd4 Rb4+ 94. Ke3 Rb3+ 95. Kf4 Rb4 96. Kg3 Rxe4 97. fxe4 Kxg5 98. Kf3 Kf6 99. Kf4 Ke6 100. Ke3 Ke5 101. Kd3 Ke6 102. Kd4 Kd6 103. Kc4 Ke5 104. Kd3 Ke6 105. Kd4 Kd6 106. e5+ Ke6 107. Ke4 Ke7 108. Kd5 Kd7 109. Kd4 Ke6 110. Ke4 Ke7 111. Kd5 Kd7 112. Kd4 Ke6 1/2-1/2


[Site "https://www.chess.com"]

[Event "Titled Tuesday Blitz February 21 Early 2023"]
[White "Liyanage, Ranindu Dilshan"]
[Black "Molina, Roberto Junio Brito"]
[WhiteFideId "9915834"]
[BlackFideId "2109450"]
[WhiteElo "2342"]
[BlackElo "2403"]
[Result "0-1"]
[Round "08"]
[TimeControl "180+2"]
[Date "2023.02.21"]
[WhiteClock "0:00:58"]
[BlackClock "0:00:50"]

1. e4 c6 2. d4 d5 3. e5 Bf5 4. h4 Qb6 5. h5 h6 6. Nc3 e6 7. Nf3 Ne7 8. a3 a6 9. Na4 Qa7 10. Be3 Nd7 11. b4 Bg4 12. Bd3 Nf5 13. c3 b5 14. Nc5 Nb6 15. a4 Bxc5 16. axb5 Be7 17. bxc6 O-O 18. Rxa6 Qc7 19. Rxa8 Rxa8 20. b5 Nc4 21. Bxc4 dxc4 22. O-O Qa5 23. d5 Nxe3 24. fxe3 exd5 25. Qd4 Be6 26. Rb1 Rb8 27. b6 Bc5 28. c7 Rxb6 0-1


[Site "https://www.chess.com"]

[Event "Titled Tuesday Blitz February 21 Early 2023"]
[White "Csonka, Balazs"]
[Black "Kamsky, Gata"]
[WhiteFideId "742910"]
[BlackFideId "2000024"]
[WhiteElo "2496"]
[BlackElo "2665"]
[Result "0-1"]
[Round "08"]
[TimeControl "180+2"]
[Date "2023.02.21"]
[WhiteClock "0:00:20"]
[BlackClock "0:00:50"]

1. e4 e5 2. Nf3 Nc6 3. Nc3 Nf6 4. d4 exd4 5. Nxd4 Bb4 6. Nxc6 bxc6 7. Bd3 d5 8. Bd2 O-O 9. O-O Rb8 10. Re1 Re8 11. exd5 Rxe1+ 12. Qxe1 cxd5 13. a3 Bf8 14. b4 c5 15. Bf4 Rb7 16. bxc5 Bxc5 17. Qd2 h6 18. h3 Re7 19. Na4 Bd6 20. Bxd6 Qxd6 21. Qb4 Qe5 22. Rd1 Re8 23. Qc5 Qg5 24. Kh1 Qh4 25. Kh2 Qxa4 26. Bb5 Qa5 0-1


[Site "https://www.chess.com"]

[Event "Titled Tuesday Blitz February 21 Early 2023"]
[White "Vakhlamov, Igor L."]
[Black "Iskusnyh, Sergei"]
[WhiteFideId "24126748"]
[BlackFideId "4120027"]
[WhiteElo "2413"]
[BlackElo "2440"]
[Result "1-0"]
[Round "08"]
[TimeControl "180+2"]
[Date "2023.02.21"]
[WhiteClock "0:00:20"]
[BlackClock "0:00:01"]

1. e4 e6 2. d4 d5 3. Nc3 Nf6 4. Bd3 c5 5. Nf3 cxd4 6. Nxd4 Nc6 7. Bb5 Bd7 8. exd5 exd5 9. O-O Be7 10. Be2 O-O 11. Bf4 Rc8 12. Ndb5 Be6 13. Be3 a6 14. Nd4 Bd6 15. Re1 Qc7 16. h3 Bh2+ 17. Kh1 Be5 18. Bf3 Rcd8 19. Nxc6 bxc6 20. Bd4 Bxd4 21. Qxd4 c5 22. Qh4 d4 23. Ne4 Nxe4 24. Bxe4 g6 25. b3 Rfe8 26. Kg1 a5 27. Bd3 Bd5 28. Qg5 Qd6 29. h4 Kg7 30. h5 h6 31. Qg4 Be6 32. Qf3 Bd5 33. Qg4 Be6 34. Qh4 g5 35. Qe4 f5 36. Qf3 Kf6 37. Re2 g4 38. Qb7 Bd5 39. Qh7 Rxe2 40. Qxf5+ Ke7 41. Bxe2 Qe6 42. Bxg4 Qxf5 43. Bxf5 Kf6 44. Bg6 a4 45. Re1 Ra8 46. f4 c4 47. bxc4 Bxc4 48. a3 Rb8 49. Re4 Rb2 50. Rxd4 Be2 51. Rxa4 Rb1+ 52. Kf2 Bb5 53. Rb4 Rg1 54. Kxg1 1-0


[Site "https://www.chess.com"]

[Event "Titled Tuesday Blitz February 21 Early 2023"]
[White "Shuvalova, Polina"]
[Black "Boros, Denes"]
[WhiteFideId "24171760"]
[BlackFideId "722340"]
[WhiteElo "2484"]
[BlackElo "2406"]
[Result "0-1"]
[Round "08"]
[TimeControl "180+2"]
[Date "2023.02.21"]
[WhiteClock "0:00:09"]
[BlackClock "0:01:14"]

1. d4 Nf6 2. c4 c5 3. d5 a6 4. Nc3 b5 5. a3 e6 6. Nf3 Bb7 7. dxe6 fxe6 8. e3 bxc4 9. Bxc4 d5 10. Be2 Bd6 11. O-O O-O 12. b3 Nbd7 13. Bb2 Qe7 14. Qc2 Ng4 15. h3 Nge5 16. Nxe5 Nxe5 17. f4 Ng6 18. Bf3 Nh4 19. Bg4 Rad8 20. Rae1 Nf5 21. Bf3 d4 22. exd4 Bxf3 23. gxf3 Nxd4 24. Qg2 Rf6 25. Ne4 Rg6 26. Ng5 Bxf4 27. h4 Bxg5 0-1


[Site "https://www.chess.com"]

[Event "Titled Tuesday Blitz February 21 Early 2023"]
[White "Fiorito, Joaquin"]
[Black "Rustemov, Alexander"]
[WhiteFideId "180173"]
[BlackFideId "4119002"]
[WhiteElo "2405"]
[BlackElo "2525"]
[Result "0-1"]
[Round "08"]
[TimeControl "180+2"]
[Date "2023.02.21"]
[WhiteClock "0:00:22"]
[BlackClock "0:01:21"]

1. d4 d5 2. Nc3 Nf6 3. Bf4 a6 4. e3 c5 5. dxc5 Qa5 6. Bxb8 Rxb8 7. Qd4 g6 8. b4 Qd8 9. O-O-O Be6 10. Nf3 Bg7 11. Qd2 O-O 12. h4 a5 13. a3 axb4 14. axb4 Ra8 15. Nd4 b6 16. c6 Qd6 17. Ncb5 Ra1+ 18. Kb2 Rxd1 19. Qxd1 Qxb4+ 20. Kc1 Ra8 21. Nb3 Ne4 22. N5d4 Qa3+ 0-1


[Site "https://www.chess.com"]

[Event "Titled Tuesday Blitz February 21 Early 2023"]
[White "Galchenko, Matvey"]
[Black "Rosen, Eric"]
[WhiteFideId "24175480"]
[BlackFideId "2032562"]
[WhiteElo "2438"]
[BlackElo "2349"]
[Result "1-0"]
[Round "08"]
[TimeControl "180+2"]
[Date "2023.02.21"]
[WhiteClock "0:00:02"]
[BlackClock "0:00:01"]

1. f4 g6 2. Nf3 Bg7 3. g3 c6 4. Bg2 Nh6 5. e4 d5 6. d3 Qb6 7. Nc3 Bg4 8. h3 Bxf3 9. Qxf3 e6 10. g4 f5 11. e5 Nd7 12. Ne2 Rf8 13. Qg3 fxg4 14. hxg4 g5 15. d4 O-O-O 16. fxg5 Nf7 17. Rxh7 Rg8 18. c3 Rdf8 19. Nf4 Nd8 20. Nh5 Bxe5 21. dxe5 Qg1+ 22. Ke2 Nxe5 23. Nf4 Ndf7 24. Qh2 Qb6 25. Nxe6 Re8 26. Be3 Qxb2+ 27. Bd2 Rxe6 28. Qh3 Qxa1 29. g6 Nxg6+ 30. Kf2 Nge5 31. g5 Nxg5 32. Bxg5 Qb2+ 33. Kg1 Qb1+ 34. Kh2 Qg6 35. Bf4 Kd8 36. Qh4+ Ke8 37. Qh3 Rf8 38. Bxe5 1-0


[Site "https://www.chess.com"]

[Event "Titled Tuesday Blitz February 21 Early 2023"]
[White "Pichot, Alan"]
[Black "Melikyan, Gnel"]
[WhiteFideId "110973"]
[BlackFideId "54109990"]
[WhiteElo "2638"]
[BlackElo "2238"]
[Result "1-0"]
[Round "08"]
[TimeControl "180+2"]
[Date "2023.02.21"]
[WhiteClock "0:02:20"]
[BlackClock "0:01:06"]

1. e4 c5 2. Nf3 Nc6 3. Bb5 e6 4. O-O Nge7 5. Re1 a6 6. Bf1 d5 7. exd5 Nxd5 8. d4 Nf6 9. Be3 cxd4 10. Nxd4 Bd7 11. c4 Nxd4 12. Bxd4 Bc6 13. Nc3 Bd6 14. g3 h5 15. Bg2 Bxg2 16. Kxg2 h4 17. Qf3 Qe7 18. Rad1 Rc8 19. Bxf6 gxf6 20. Nd5 exd5 21. Qxf6 O-O 1-0


[Site "https://www.chess.com"]

[Event "Titled Tuesday Blitz February 21 Early 2023"]
[White "Ambartsumova, Karina"]
[Black "Urazayev, Arystanbek"]
[WhiteFideId "4166299"]
[BlackFideId "13709810"]
[WhiteElo "2393"]
[BlackElo "2460"]
[Result "1-0"]
[Round "08"]
[TimeControl "180+2"]
[Date "2023.02.21"]
[WhiteClock "0:00:12"]
[BlackClock "0:00:03"]

1. Nf3 d5 2. c4 e6 3. e3 Nf6 4. Nc3 c6 5. Qc2 Nbd7 6. b3 a6 7. Bb2 b5 8. Be2 Bd6 9. Rg1 Bb7 10. g4 b4 11. Na4 h6 12. h4 Qe7 13. g5 hxg5 14. hxg5 Nh5 15. g6 f5 16. Ng5 Nhf6 17. O-O-O Rh2 18. Nf7 Rxf2 19. Bd3 e5 20. Bxf5 e4 21. Bxd7+ Kxd7 22. Nb6+ Kc7 23. Nxa8+ Bxa8 24. Rdf1 Rf3 25. Rxf3 exf3 26. Qf5 Ne8 27. Nxd6 Nxd6 28. Be5 Kb6 29. Bxd6 Qxd6 30. Qf4 Qd8 31. c5+ Ka5 32. Qxf3 Qe7 33. d4 Bb7 34. Qf4 Bc8 35. Qe5 Qd8 36. Rf1 Bh3 37. Rf7 Bc8 38. Qc7+ 1-0


[Site "https://www.chess.com"]

[Event "Titled Tuesday Blitz February 21 Early 2023"]
[White "Fernandez Guillen, Ernesto J."]
[Black "Degenbaev, Aziz"]
[WhiteFideId "3512428"]
[BlackFideId "13802640"]
[WhiteElo "2477"]
[BlackElo "2203"]
[Result "1-0"]
[Round "08"]
[TimeControl "180+2"]
[Date "2023.02.21"]
[WhiteClock "0:01:00"]
[BlackClock "0:00:07"]

1. e4 c5 2. Nf3 d6 3. d4 cxd4 4. Nxd4 Nf6 5. Nc3 a6 6. Bc4 e6 7. Bb3 b5 8. f3 Be7 9. Be3 Qc7 10. g4 O-O 11. g5 Nfd7 12. Qd2 Nb6 13. h4 N8d7 14. g6 Ne5 15. gxh7+ Kxh7 16. Qg2 Nbc4 17. Bg5 Nxb2 18. Nce2 Nbc4 19. Rg1 Rg8 20. f4 Qa5+ 21. Kf2 Qd2 22. fxe5 Bxg5 23. Qxg5 Qxg5 24. hxg5 dxe5 25. g6+ Kh6 26. Nf3 1-0


[Site "https://www.chess.com"]

[Event "Titled Tuesday Blitz February 21 Early 2023"]
[White "Vovk, Orest"]
[Black "Indjic, Aleksandar"]
[WhiteFideId "14113490"]
[BlackFideId "911925"]
[WhiteElo "2315"]
[BlackElo "2618"]
[Result "0-1"]
[Round "08"]
[TimeControl "180+2"]
[Date "2023.02.21"]
[WhiteClock "0:01:14"]
[BlackClock "0:02:02"]

1. h4 c5 2. h5 d5 3. e4 e6 4. Nc3 d4 5. Nce2 a6 6. Ng3 h6 7. Nf3 Nc6 8. d3 Bd6 9. Rh4 Nf6 10. Qe2 Qc7 11. Rh3 Bd7 12. Nd2 b5 13. a4 Rb8 14. axb5 axb5 15. Nf3 O-O 16. Nh2 Ra8 17. Rxa8 Rxa8 18. Ng4 Nxg4 19. Qxg4 Ra1 20. Ne2 Bf4 21. Qxf4 Qxf4 22. Nxf4 Rxc1+ 23. Kd2 Rxf1 0-1


[Site "https://www.chess.com"]

[Event "Titled Tuesday Blitz February 21 Early 2023"]
[White "Bharath Subramaniyam H"]
[Black "Skliarov, Viktor"]
[WhiteFideId "46634827"]
[BlackFideId "14106736"]
[WhiteElo "2517"]
[BlackElo "2383"]
[Result "1-0"]
[Round "08"]
[TimeControl "180+2"]
[Date "2023.02.21"]
[WhiteClock "0:00:51"]
[BlackClock "0:00:01"]

1. c4 e5 2. Nf3 Nc6 3. d4 exd4 4. Nxd4 Bb4+ 5. Bd2 Bxd2+ 6. Qxd2 Nxd4 7. Qxd4 Nf6 8. Nc3 O-O 9. g3 d6 10. Bg2 Re8 11. O-O Qe7 12. e4 a6 13. Nd5 Nxd5 14. cxd5 f5 15. Rfe1 Bd7 16. Qc3 c5 17. dxc6 Bxc6 18. exf5 Qf6 19. Bxc6 bxc6 20. Qxc6 Rxe1+ 21. Rxe1 Rf8 22. Qd5+ Kh8 23. Re2 h5 24. h4 Qxf5 25. Qxd6 Rf6 26. Qd8+ Kh7 27. Rd2 Qb1+ 28. Kh2 Qxa2 29. Qd3+ Kh6 30. Qe3+ Kh7 31. Qg5 Qf7 32. Kg1 Qg6 33. Qc5 Qg4 34. Rd5 Kh6 35. Rg5 Qf3 36. Qa7 g6 37. Qd4 Kh7 38. Rd5 Rf7 39. Re5 Rc7 40. Re1 Rf7 41. Re8 Qf6 42. Qd2 Kg7 43. Rd8 Re7 44. Rd6 Re6 45. Rd7+ Re7 46. Rd3 Re6 47. Kg2 Kh7 48. Rf3 Qe7 49. Qd5 Re5 50. Rf7+ Kh6 51. Qd2+ 1-0


[Site "https://www.chess.com"]

[Event "Titled Tuesday Blitz February 21 Early 2023"]
[White "Sanal, Vahap"]
[Black "Aldokhin, Ivan"]
[WhiteFideId "6300545"]
[BlackFideId "24115720"]
[WhiteElo "2600"]
[BlackElo "2413"]
[Result "1-0"]
[Round "08"]
[TimeControl "180+2"]
[Date "2023.02.21"]
[WhiteClock "0:00:59"]
[BlackClock "0:00:02"]

1. e4 c5 2. Nf3 e6 3. d4 cxd4 4. Nxd4 a6 5. Nc3 Qc7 6. g3 Nf6 7. Bg2 d6 8. O-O Be7 9. Kh1 Nc6 10. Nb3 b5 11. f4 Bb7 12. Be3 Rc8 13. a3 Na5 14. Nxa5 Qxa5 15. Qe2 h5 16. Bd4 Rc4 17. Rad1 h4 18. g4 h3 19. Bf3 b4 20. axb4 Qxb4 21. Na2 Qb5 22. g5 Nd7 23. Nc3 Qb4 24. Bxg7 Rh4 25. Qe3 Nc5 26. b3 Rxe4 27. Nxe4 Bxe4 28. Bxe4 Qxe4+ 29. Qxe4 Nxe4 30. Bd4 d5 31. c4 Bd6 32. cxd5 exd5 33. Be5 Bc5 34. Bd4 Bd6 35. Be3 Rg4 36. Rxd5 Bxf4 37. Bxf4 Rg2 38. Re5+ Kf8 39. Rxe4 1-0


[Site "https://www.chess.com"]

[Event "Titled Tuesday Blitz February 21 Early 2023"]
[White "Skvortsov, Andrei"]
[Black "Narayanan, Srinath"]
[WhiteFideId "24108600"]
[BlackFideId "5018420"]
[WhiteElo "2313"]
[BlackElo "2559"]
[Result "0-1"]
[Round "08"]
[TimeControl "180+2"]
[Date "2023.02.21"]
[WhiteClock "0:00:02"]
[BlackClock "0:00:55"]

1. e4 c6 2. d4 d5 3. e5 c5 4. Nf3 cxd4 5. Nxd4 Nc6 6. Nxc6 bxc6 7. c4 e6 8. Nc3 Ne7 9. Be2 Ng6 10. cxd5 exd5 11. Qd4 Qa5 12. Be3 Qb4 13. Qxb4 Bxb4 14. f4 h5 15. O-O-O Nh4 16. g3 Nf5 17. Bf2 a5 18. Na4 O-O 19. a3 Be7 20. Nb6 Rb8 21. Nxc8 Rfxc8 22. Bxh5 Rb3 23. Bg4 g6 24. Rd2 Rcb8 25. Bxf5 gxf5 26. Re1 Bxa3 27. bxa3 Rxa3 28. Rc2 a4 29. Bc5 Rab3 30. Bd6 R8b6 31. Kd2 d4 32. Ra1 Rf3 33. Rxa4 d3 34. Rca2 Rb3 35. Bc5 Rb5 36. Be3 Rb1 37. Kxd3 Rb3+ 38. Kc4 Rfxe3 39. Kc5 Rbc3+ 40. Kd6 Red3+ 41. Ke7 Kg7 42. e6 Re3 43. Ra7 Rcd3 44. Ke8 Rxe6+ 45. Re7 Red6 46. Ra8 Rh6 47. Rxf7+ Kg6 48. Raa7 Rh8+ 49. Rf8 Re3+ 0-1


[Site "https://www.chess.com"]

[Event "Titled Tuesday Blitz February 21 Early 2023"]
[White "Spata, German"]
[Black "Anuj, Shrivatri"]
[WhiteFideId "113026"]
[BlackFideId "35070924"]
[WhiteElo "2383"]
[BlackElo "2407"]
[Result "1-0"]
[Round "08"]
[TimeControl "180+2"]
[Date "2023.02.21"]
[WhiteClock "0:00:29"]
[BlackClock "0:01:27"]

1. Nf3 Nf6 2. b3 d5 3. Bb2 c6 4. e3 Bf5 5. c4 e6 6. Be2 Nbd7 7. O-O Be7 8. cxd5 exd5 9. d3 O-O 10. a3 Re8 11. Re1 a5 12. Nbd2 h6 13. Bf1 Bh7 14. Qc2 Bf8 15. Bc3 c5 16. a4 Nb8 17. Qb2 Be7 18. d4 b6 19. Bb5 Rf8 20. Ne5 Qc7 21. Rac1 Rd8 22. h3 Ne8 23. Nef3 Bf8 24. e4 Nd6 25. dxc5 bxc5 26. exd5 Nxb5 27. axb5 Nd7 28. Nc4 Nb6 29. d6 Qb7 30. Nxa5 Qd7 31. Nc6 Re8 32. Ne7+ Kh8 33. Ne5 Qe6 34. N5g6+ Qxg6 35. Nxg6+ Bxg6 36. Rxe8 Rxe8 37. Qd2 Rd8 38. Qxh6+ Kg8 39. Qe3 Bxd6 40. Ba5 Rb8 41. Rd1 Bf8 42. Bxb6 Rxb6 43. Rd8 1-0


[Site "https://www.chess.com"]

[Event "Titled Tuesday Blitz February 21 Early 2023"]
[White "Vaibhav Jayant Raut"]
[Black "Grigoriants, Sergey"]
[WhiteFideId "5089034"]
[BlackFideId "4130804"]
[WhiteElo "2237"]
[BlackElo "2562"]
[Result "1/2-1/2"]
[Round "08"]
[TimeControl "180+2"]
[Date "2023.02.21"]
[WhiteClock "0:01:22"]
[BlackClock "0:00:14"]

1. c4 e5 2. g3 Nf6 3. Bg2 c6 4. Nf3 e4 5. Nd4 d5 6. cxd5 Qxd5 7. e3 Qe5 8. O-O Be7 9. Nc3 Na6 10. d3 exd3 11. Qxd3 Nc5 12. Qe2 O-O 13. b3 Bg4 14. Qc2 Bh5 15. Bb2 Bg6 16. Qd2 Nd3 17. Nf3 Qa5 18. a3 Rad8 19. Qe2 Qb6 20. b4 a5 21. Nh4 axb4 22. axb4 Bh5 23. Qc2 Nxb2 24. Qxb2 Qxb4 25. Qc2 Qc5 26. Rfc1 Rd7 27. Qb3 Qb4 28. Qc2 Qc5 29. Qb3 Qb4 30. Qc2 Qc5 1/2-1/2


[Site "https://www.chess.com"]

[Event "Titled Tuesday Blitz February 21 Early 2023"]
[White "Ivic, Velimir"]
[Black "Stijve, Theo"]
[WhiteFideId "950122"]
[BlackFideId "1331132"]
[WhiteElo "2595"]
[BlackElo "2351"]
[Result "0-1"]
[Round "08"]
[TimeControl "180+2"]
[Date "2023.02.21"]
[WhiteClock "0:00:11"]
[BlackClock "0:00:14"]

1. e4 c5 2. Nf3 e6 3. d4 cxd4 4. Nxd4 Nc6 5. Nc3 Qc7 6. Be3 a6 7. Qd2 Nf6 8. f4 b5 9. e5 b4 10. Ncb5 axb5 11. Nxb5 Qb8 12. exf6 gxf6 13. c4 bxc3 14. bxc3 Ba6 15. Rb1 Rg8 16. Bd3 f5 17. O-O Be7 18. Qf2 d5 19. c4 dxc4 20. Bxc4 Nb4 21. Qe2 Qb7 22. a3 Bxb5 23. Bxb5+ Nc6 24. Rfc1 Rc8 25. Bxc6+ Qxc6 26. Rxc6 Rxc6 27. Qb5 Kd7 28. Qb7+ Rc7 29. Rd1+ Bd6 30. Qb4 Rc6 31. Rxd6+ Rxd6 32. Qxd6+ Kxd6 33. Kf2 Ra8 34. Bd2 Kd5 35. Bb4 Ke4 36. g3 Rc8 37. Kg2 Rc2+ 38. Kh3 Ra2 39. Be7 Kf3 40. Bb4 f6 41. Be7 e5 42. Bxf6 e4 43. Be7 e3 44. Bb4 e2 45. Kh4 Rxa3 46. h3 Ra4 47. Bd2 Rd4 48. Ba5 Rd1 49. g4 fxg4 50. f5 g3 51. f6 Rd7 52. Bb4 g2 0-1


[Site "https://www.chess.com"]

[Event "Titled Tuesday Blitz February 21 Early 2023"]
[White "Orlov, Georgi"]
[Black "Stribuk, Artiom"]
[WhiteFideId "2011271"]
[BlackFideId "13515659"]
[WhiteElo "2453"]
[BlackElo "2378"]
[Result "1-0"]
[Round "08"]
[TimeControl "180+2"]
[Date "2023.02.21"]
[WhiteClock "0:01:25"]
[BlackClock "0:00:02"]

1. e4 c5 2. Nf3 Nc6 3. Bb5 e6 4. Bxc6 bxc6 5. e5 f6 6. O-O Ne7 7. exf6 gxf6 8. d4 cxd4 9. Qxd4 Nf5 10. Qg4 Qe7 11. Re1 Rb8 12. c4 d5 13. cxd5 cxd5 14. Nc3 Rb4 15. Qh5+ Kd8 16. Nxd5 exd5 17. Rxe7 Bxe7 18. Bd2 Rxb2 19. Ba5+ Rb6 20. Bxb6+ axb6 21. Rd1 Be6 22. Rxd5+ Bxd5 23. Qxf5 Bc6 24. Nd4 Bd7 25. Qd5 Kc7 26. Ne6+ Bxe6 27. Qxe6 Bc5 28. Qf7+ Kb8 29. Qxf6 Re8 30. Qf4+ Ka8 31. g3 Re1+ 32. Kg2 Ka7 33. Qd2 Ra1 34. h4 b5 35. Qb2 1-0


[Site "https://www.chess.com"]

[Event "Titled Tuesday Blitz February 21 Early 2023"]
[White "Yuan, Qingyu"]
[Black "Andreev, Eduard"]
[WhiteFideId "8609772"]
[BlackFideId "14103400"]
[WhiteElo "2373"]
[BlackElo "2413"]
[Result "1-0"]
[Round "08"]
[TimeControl "180+2"]
[Date "2023.02.21"]
[WhiteClock "0:00:03"]
[BlackClock "0:00:03"]

1. e4 c5 2. Nf3 d6 3. Bb5+ Nd7 4. c3 a6 5. Ba4 b5 6. Bc2 e6 7. O-O Ngf6 8. d4 cxd4 9. cxd4 Bb7 10. Qe2 Rc8 11. a3 Rxc2 12. Qxc2 Bxe4 13. Qe2 Be7 14. Nc3 Bb7 15. Bf4 O-O 16. h3 Qa8 17. Rac1 Nb6 18. Rfd1 Rc8 19. Ne1 h6 20. f3 Nh5 21. Bh2 Bg5 22. Rc2 Nf4 23. Bxf4 Bxf4 24. Ne4 Nc4 25. Nd3 Bxe4 26. fxe4 Be3+ 27. Kh1 Bxd4 28. Ne1 Be5 29. Nf3 Bf4 30. a4 Ne3 31. Rxc8+ Qxc8 32. Ra1 Qc4 33. Qxc4 Nxc4 34. b3 Nd2 35. axb5 axb5 36. Nxd2 Bxd2 37. Ra6 b4 38. Rxd6 Bc3 39. Rd7 Kf8 40. Kg1 g5 41. Kf2 Kg7 42. Kf3 h5 43. Ke3 Kf6 44. Rb7 g4 45. hxg4 hxg4 46. Kf4 Bd2+ 47. Kxg4 Ke5 48. Rxf7 Kxe4 49. Kh5 Kd3 50. Rc7 e5 51. g4 e4 52. Rd7+ Kc3 53. Re7 e3 54. g5 Kxb3 55. g6 Bc3 56. Rxe3 Ka2 57. Rg3 Bd4 58. Rg4 Bc3 59. Rxb4 Ka3 60. Rg4 1-0


[Site "https://www.chess.com"]

[Event "Titled Tuesday Blitz February 21 Early 2023"]
[White "Jeet, Jain"]
[Black "Real_OceanStorm"]
[WhiteFideId "5073022"]
[WhiteElo "2199"]
[BlackElo "2781"]
[Result "0-1"]
[Round "08"]
[TimeControl "180+2"]
[Date "2023.02.21"]
[WhiteClock "0:00:08"]
[BlackClock "0:00:08"]

1. d4 d5 2. Nf3 Nf6 3. Bf4 g6 4. e3 Bg7 5. h3 O-O 6. Bd3 c5 7. c3 Nc6 8. O-O c4 9. Bc2 b5 10. Nbd2 a5 11. e4 dxe4 12. Nxe4 Nd5 13. Bg3 a4 14. a3 Bf5 15. Nc5 Bxc2 16. Qxc2 Re8 17. Rfe1 Na5 18. Rad1 Nb3 19. Ne4 Qb6 20. Be5 Rad8 21. Bxg7 Kxg7 22. Ne5 f6 23. Nf3 h5 24. h4 Nf4 25. Ng3 Nd3 26. Re3 e5 27. dxe5 fxe5 28. Qe2 Nf4 29. Qc2 Nd3 30. Qe2 Qb7 31. Rf1 Nf4 32. Qc2 Nd2 33. Rd1 Nxf3+ 34. Rxf3 Rd3 35. Rdxd3 cxd3 36. Qd2 Qd5 37. Nf1 Ne2+ 38. Kh1 e4 39. Re3 Qd8 40. g3 Qf6 41. f3 Rf8 42. Kh2 Qf5 43. f4 b4 44. axb4 a3 45. bxa3 Qe6 46. a4 Rc8 47. a5 Qc4 48. Kh3 Rb8 49. Nh2 Nxc3 50. g4 Nd5 51. gxh5 Qxb4 52. h6+ Kh7 53. Qxb4 Rxb4 54. Rg3 e3 55. Nf3 Nxf4+ 56. Kh2 Rb2+ 57. Kh1 Kxh6 58. Ne5 e2 59. Nxd3 Nxd3 60. Re3 e1=Q+ 61. Rxe1 Nxe1 62. a6 Nd3 63. h5 Ra2 64. hxg6 Kxg6 65. Kg1 Rxa6 66. Kf1 Re6 67. Kg1 Kf5 68. Kg2 Kg4 69. Kf1 Kg3 70. Kg1 Re1# 0-1


[Site "https://www.chess.com"]

[Event "Titled Tuesday Blitz February 21 Early 2023"]
[White "Mamedov, Edgar"]
[Black "Korchmar, Vasiliy"]
[WhiteFideId "13739980"]
[BlackFideId "24131750"]
[WhiteElo "2193"]
[BlackElo "2438"]
[Result "0-1"]
[Round "08"]
[TimeControl "180+2"]
[Date "2023.02.21"]
[WhiteClock "0:00:01"]
[BlackClock "0:01:41"]

1. d4 d5 2. c4 c6 3. Nf3 Nf6 4. e3 e6 5. Nc3 Nbd7 6. Qc2 Bd6 7. Be2 O-O 8. O-O dxc4 9. a4 e5 10. Bxc4 exd4 11. exd4 Nb6 12. Ba2 Nbd5 13. Bb1 Nb4 14. Qd2 Bg4 15. Ne5 Bh5 16. Qg5 Bg6 17. Nxg6 fxg6 18. Be3 Qc7 19. Qh4 Rae8 20. Ba2+ Nxa2 21. Rxa2 Qf7 22. Raa1 Nd5 23. Nxd5 Qxd5 24. Qh3 Rf5 25. g3 Ref8 26. Qg2 Rf3 27. a5 a6 28. Rad1 h5 29. Kh1 Qxa5 30. d5 cxd5 31. Qh3 R8f5 32. Qh4 Qb4 33. Qxb4 Bxb4 34. Kg2 g5 35. Rxd5 Rxf2+ 36. Bxf2 Rxd5 37. Rc1 Rd2 38. Rc8+ Kh7 39. Kf1 Rxb2 40. Rc7 Bd6 41. Rd7 Be5 42. Re7 Bf6 43. Rd7 a5 44. Bc5 a4 45. h4 gxh4 46. gxh4 b6 0-1


[Site "https://www.chess.com"]

[Event "Titled Tuesday Blitz February 21 Early 2023"]
[White "Manukyan, Sargis A."]
[Black "Cherniaiev, Tykhon"]
[WhiteFideId "13303970"]
[BlackFideId "14182360"]
[WhiteElo "2158"]
[BlackElo "2330"]
[Result "0-1"]
[Round "08"]
[TimeControl "180+2"]
[Date "2023.02.21"]
[WhiteClock "0:00:42"]
[BlackClock "0:01:56"]

1. d4 Nf6 2. c4 e6 3. Nc3 d5 4. Nf3 Be7 5. Bg5 O-O 6. e3 h6 7. Bh4 c5 8. cxd5 exd5 9. dxc5 Bxc5 10. Bxf6 Qxf6 11. Qxd5 Bb4 12. Qd4 Qe7 13. Bb5 Rd8 14. Qc4 Be6 15. Qf4 Qc5 16. Nd4 Bxc3+ 17. bxc3 Qxc3+ 18. Ke2 Qb2+ 19. Kf3 Rxd4 20. Qxd4 Qxb5 21. Qd8+ Kh7 22. Rhd1 Nc6 23. Qd3+ Qxd3 24. Rxd3 Ne5+ 0-1


[Site "https://www.chess.com"]

[Event "Titled Tuesday Blitz February 21 Early 2023"]
[White "Starozhilov, Leonid"]
[Black "Karttunen, Mika"]
[WhiteFideId "14106752"]
[BlackFideId "502081"]
[WhiteElo "2313"]
[BlackElo "2490"]
[Result "1-0"]
[Round "08"]
[TimeControl "180+2"]
[Date "2023.02.21"]
[WhiteClock "0:00:31"]
[BlackClock "0:00:12"]

1. e4 c5 2. Nf3 d6 3. Bb5+ Bd7 4. c4 Nc6 5. Nc3 e5 6. a3 g6 7. b4 b6 8. bxc5 bxc5 9. d3 Bg7 10. Qa4 Nge7 11. Nd5 Nxd5 12. cxd5 Qa5+ 13. Bd2 Qxa4 14. Bxa4 Nd4 15. Bxd7+ Kxd7 16. Nxd4 exd4 17. Ke2 Rhb8 18. Rab1 f5 19. f3 Be5 20. g3 h5 21. Ba5 Kc8 22. Kd2 f4 23. gxf4 Bxf4+ 24. Kc2 Rxb1 25. Kxb1 Rb8+ 26. Kc2 g5 27. a4 Kd7 28. h3 a6 29. Rg1 Ke7 30. Be1 Kf6 31. h4 Rb6 32. hxg5+ Bxg5 33. f4 Bxf4 34. Rf1 Kg5 35. Rg1+ Kf6 36. Bh4+ Ke5 37. Rg6 Bh2 38. Bg5 1-0


[Site "https://www.chess.com"]